 Dungeon Crawl Stone Soup version 0.18.1-48-g4cf74bf (webtiles) character file.

27456 Nahar the Blocker (level 13, -8/121 HPs)
             Began as a Deep Dwarf Fighter on Aug 18, 2016.
             Was the Champion of Makhleb.
             Mangled by a dire elephant (14 damage)
             ... on level 8 of the Lair of Beasts.
             The game lasted 01:15:55 (12174 turns).

Nahar the Blocker (Deep Dwarf Fighter)             Turns: 12174, Time: 01:15:56

Health: -8/121     AC: 18    Str: 28    XL:     13   Next: 4%
Magic:  1/1        EV: 12    Int: 12    God:    Makhleb [******]
Gold:   1070       SH: 15    Dex: 12    Spells: 0 memorised, 12 levels left

rFire  . . .     SeeInvis .     a - +1 war axe
rCold  . . .     Gourm    .     r - +1 chain mail
rNeg   . . .     Faith    .     c - +1 shield
rPois  .         Spirit   .     E - +2 hat {Int+3}
rElec  .         Dismiss  .     l - +0 cloak
rCorr  .         Reflect  .     i - +0 pair of gloves
SustAt .         Harm     .     (no boots)
MR     ++...                    (no amulet)
Stlth  ..........               u - ring of protection from magic
                                n - +3 ring of strength

@: non-regenerating, very resistant to hostile enchantments, extremely
unstealthy
A: damage resistance, recharge devices, sense surroundings 2, slow regeneration
3
a: Device Recharging, Minor Destruction, Lesser Servant of Makhleb, Major
Destruction, Greater Servant of Makhleb, Renounce Religion


You were on level 8 of the Lair of Beasts.
You worshipped Makhleb.
Makhleb was exalted by your worship.
You were not hungry.

You visited 2 branches of the dungeon, and saw 16 of its levels.

You collected 1134 gold pieces.
You spent 64 gold pieces at shops.

Inventory:

Hand Weapons
 a - a +1 war axe (weapon)
Armour
 c - a +1 shield (worn)
 i - a +0 pair of gloves (worn)
 l - a +0 cloak (worn)
 r - a +1 chain mail (worn)
 E - a +2 hat of intelligence (worn)
 N - a +0 ring mail of fire resistance
Jewellery
 n - a +3 ring of strength (left hand)
 u - a ring of protection from magic (right hand)
 v - an uncursed amulet of magic regeneration
 y - an uncursed ring of see invisible
 F - an uncursed ring of protection from magic
Wands
 e - a wand of heal wounds (7/9)
 s - a wand of random effects (11/48)
 w - a wand of flame (12/48)
 z - a wand of digging (14/24)
 G - a wand of heal wounds (2/9)
 H - a wand of polymorph (6/24)
 J - a wand of iceblast (6/15)
 L - a wand of hasting (3/9)
Scrolls
 m - 5 scrolls of identify
Potions
 b - 3 potions of flight {unknown}
 d - 2 potions of curing
 g - 2 potions of berserk rage {unknown}
 h - 2 potions of haste {unknown}
 j - 3 potions of heal wounds {unknown}
 k - 2 potions of mutation {unknown}
 t - 3 potions of agility {unknown}
 A - 2 potions of cure mutation
 I - a potion of cancellation {unknown}
Books
 q - a book of the Warp

   Spells                             Type                      Level
   a - Recall                         Summoning/Translocation      3
   b - Gell's Gravitas                Hexes/Translocation          3
   c - Force Lance                    Conjuration/Translocation    4
   d - Warp Weapon                    Charms/Translocation         5
   e - Summon Forest                  Summoning/Translocation      5
 x - a book of the Sky

   Spells                             Type                      Level
   a - Summon Lightning Spire         Summoning/Air                4
   b - Airstrike                      Air                          4
   c - Silence                        Hexes/Air                    5
   d - Deflect Missiles               Charms/Air                   6
   e - Conjure Ball Lightning         Conjuration/Air              6
   f - Tornado                        Air                          9
 B - a book of Necromancy

   Spells                             Type                      Level
   a - Pain                           Necromancy                   1
   b - Animate Skeleton               Necromancy                   1
   c - Vampiric Draining              Necromancy                   3
   d - Regeneration                   Charms/Necromancy            3
   e - Animate Dead                   Necromancy                   4
   f - Control Undead                 Necromancy                   4
 C - a book of Minor Magic

   Spells                             Type                      Level
   a - Magic Dart                     Conjuration                  1
   b - Blink                          Translocation                2
   c - Call Imp                       Summoning                    2
   d - Repel Missiles                 Charms/Air                   2
   e - Slow                           Hexes                        2
   f - Conjure Flame                  Conjuration/Fire             3
   g - Mephitic Cloud                 Conjuration/Poison/Air       3
Comestibles
 f - 16 bread rations
 p - a meat ration
 M - 4 fruits


   Skills:
 + Level 9.3 Fighting
 + Level 12.3 Axes
 + Level 11.0 Armour
 + Level 7.5 Dodging
 + Level 1.1 Stealth
 + Level 12.9 Shields
 - Level 0.6 Evocations


You had 12 spell levels left.
You didn't know any spells.

Dungeon Overview and Level Annotations

Branches:
Dungeon (8/15)             Temple (0/1) D:7            Lair (8/8) D:8
 Shoals (0/4) Lair:5       Spider (0/4) Lair:3
  Slime: Lair:6-8

Altars:
Dithmenos
Elyvilon
Makhleb
Nemelex Xobeh
Pakellas
Ru
Trog
Xom

Shops:
D:5 *


Innate Abilities, Weirdness & Mutations

You are resistant to damage.
You can recharge devices by infusing magical energy.
You passively map the area around you.
You do not regenerate naturally.


Message History

The dire elephant tramples you.
You hold your ground!
The dire elephant trunk-slaps you. The dire elephant tramples you!
* * * LOW HITPOINT WARNING * * *
You hold your ground!
The dire elephant trunk-slaps you but does no damage.
The dire elephant tramples you!
* * * LOW HITPOINT WARNING * * *
You hold your ground!
The dire elephant trunk-slaps you but does no damage.
Drink which item? (? for menu, Esc to quit)
It was a potion of cure mutation.
It has a very clean taste.
The dire elephant tramples you.
* * * LOW HITPOINT WARNING * * *
You hold your ground!
You block the dire elephant's attack. The dire elephant tramples you!!
* * * LOW HITPOINT WARNING * * *
You hold your ground!
The dire elephant completely misses you.
The dire elephant tramples you!
You die...

##..'..#.##♣.......
##...####.# ♣.......
#....#8...# #♣...P..
#....'..######..PPPP
#...##...'...#♣..P.P
##...#####P..#♣.....
#..## #...##....P
#YY# #..P##..P.#
#Y@♣* #...##.PPP.
##♣8♣ #P..#♣.....
♣2♣ ######..... *♣♣
#♣.....
###########......
#...............P
##..............P
#.................
#.#..#.......P...#


You could see 3 dire elephants and a friendly green death.

Vanquished Creatures
  Gastronok (Lair:1)
  Nessos (Lair:6)
  Josephine (Lair:8)
  An anaconda (Lair:8)
  4 death yaks (Lair:4)
  A necromancer (Lair:2)
  A griffon (Lair:8)
  3 black mambas
  5 spiny frogs
  3 komodo dragons
  3 rime drakes (Lair:6)
  A polar bear (Lair:8)
  Grinder (D:3)
  13 blink frogs
  The ghost of Malvoorn the Ruffian, an amateur TrMo (D:3)
  Eustachio (D:5)
  5 wraiths (Lair:8)
  15 yaks
  A spriggan (D:7)
  A basilisk (Lair:4)
  8 hippogriffs
  9 water moccasins
  8 porcupines
  4 orc warriors
  A phantom (D:8)
  2 sky beasts
  An ice beast (D:6)
  A wasp (D:8)
  5 ogres
  A necrophage (D:8)
  18 wolves
  3 centaurs
  10 crocodiles
  12 giant frogs
  A scorpion (D:6)
  4 wights (D:5)
  10 killer bees (D:7)
  An electric eel (Lair:8)
  2 crimson imps (D:7)
  A centaur zombie (D:6)
  3 jellies
  6 hounds
  An orc priest (D:7)
  6 orc wizards
  Jessica (D:3)
  5 iguanas
  Ijyb (D:3)
  3 polar bear simulacra (Lair:2)
  8 worker ants
  3 yak simulacra (Lair:2)
  4 wolf simulacra (Lair:2)
  A hound zombie (D:5)
  2 hound skeletons
  2 worker ant zombies
  A howler monkey zombie (D:8)
  A howler monkey skeleton (D:7)
  12 adders
  51 river rats
  An adder zombie (D:7)
  An adder skeleton (D:4)
  A worm (D:4)
  2 dart slugs (D:1)
  6 giant geckos
  22 orcs
  2 ball pythons (D:3)
  4 giant cockroaches
  3 goblins
  8 hobgoblins
  4 jackals
  2 quokkas
  10 bats
  A giant gecko zombie (D:5)
  2 giant newts
  A jackal skeleton (D:4)
  8 kobolds
  A quokka zombie (D:7)
  5 rats
  A river rat simulacrum (Lair:2)
  7 fungi
  3 plants (Lair:8)
371 creatures vanquished.

Vanquished Creatures (collateral kills)
  A hippogriff (Lair:4)
  7 sheep (Lair:4)
8 creatures vanquished.

Vanquished Creatures (others)
  A spiny frog (Lair:7)
  5 fungi
  5 plants
11 creatures vanquished.

Grand Total: 390 creatures vanquished

Notes
Turn   | Place    | Note
--------------------------------------------------------------
     0 | D:1      | Nahar the Deep Dwarf Fighter began the quest for the Orb.
     0 | D:1      | Reached XP level 1. HP: 20/20 MP: 1/1
   120 | D:1      | Reached XP level 2. HP: 23/28 MP: 2/2
  1083 | D:1      | Reached XP level 3. HP: 17/34 MP: 3/3
  1495 | D:2      | Found a burning altar of Makhleb.
  1511 | D:2      | Reached skill level 1 in Dodging
  1511 | D:2      | Reached XP level 4. HP: 32/42 MP: 4/4
  1523 | D:2      | Became a worshipper of Makhleb the Destroyer
  2053 | D:3      | Noticed Malvoorn's ghost (amateur TrMo)
  2099 | D:3      | Killed Malvoorn's ghost
  2099 | D:3      | Reached XP level 5. HP: 33/49 MP: 5/5
  2183 | D:3      | Found a shadowy altar of Dithmenos.
  2223 | D:3      | Noticed Ijyb
  2233 | D:3      | Killed Ijyb
  2233 | D:3      | Reached XP level 6. HP: 35/56 MP: 4/4
  2338 | D:3      | Noticed Grinder
  2343 | D:3      | Paralysed by Grinder for 3 turns
  2368 | D:3      | Killed Grinder
  2368 | D:3      | Reached skill level 5 in Armour
  2368 | D:3      | Reached skill level 5 in Shields
  2694 | D:3      | Noticed Jessica
  2694 | D:3      | Killed Jessica
  2694 | D:3      | Reached XP level 7. HP: 40/64 MP: 5/5
  3105 | D:4      | Reached * piety under Makhleb
  3274 | D:4      | Found an oddly glowing altar of Pakellas.
  3806 | D:5      | Entered Level 5 of the Dungeon
  3915 | D:5      | Found Hibb's Assorted Antiques.
  3929 | D:5      | Bought a scroll of identify for 64 gold pieces
  4111 | D:5      | Reached skill level 5 in Axes
  4120 | D:5      | Reached XP level 8. HP: 42/73 MP: 6/6
  4360 | D:5      | Noticed Eustachio
  4409 | D:5      | Killed Eustachio
  5093 | D:5      | Found a sacrificial altar of Ru.
  5093 | D:5      | Found a bloodstained altar of Trog.
  5228 | D:6      | Reached skill level 5 in Fighting
  5245 | D:6      | Reached ** piety under Makhleb
  5541 | D:6      | Found a sparkling altar of Nemelex Xobeh.
  5564 | D:6      | Gained mutation: You passively map the area around you. [Deep Dwarf growth]
  5564 | D:6      | Reached XP level 9. HP: 32/81 MP: 7/7
  5982 | D:7      | Found a staircase to the Ecumenical Temple.
  6014 | D:7      | Reached skill level 1 in Stealth
  6106 | D:7      | Found a white marble altar of Elyvilon.
  6180 | D:7      | Reached *** piety under Makhleb
  6925 | D:8      | Found a shimmering altar of Xom.
  7018 | D:8      | Reached XP level 10. HP: 91/91 MP: 6/6
  7066 | D:8      | Found a staircase to the Lair.
  7091 | D:8      | Reached **** piety under Makhleb
  7319 | D:8      | Reached skill level 5 in Dodging
  7551 | Lair:1   | Entered Level 1 of the Lair of Beasts
  7641 | Lair:1   | Noticed Gastronok
  7686 | Lair:1   | Killed Gastronok
  7686 | Lair:1   | Reached skill level 10 in Shields
  7724 | Lair:1   | Noticed a spiny frog
  7735 | Lair:1   | Killed a spiny frog
  7783 | Lair:1   | Noticed a black mamba
  7833 | Lair:1   | Killed a black mamba
  7833 | Lair:1   | Reached XP level 11. HP: 52/100 MP: 7/7
  8746 | Lair:2   | Reached skill level 10 in Axes
  8813 | Lair:2   | Reached ***** piety under Makhleb
  9003 | Lair:2   | Noticed a necromancer
  9051 | Lair:2   | Killed a necromancer
  9136 | Lair:2   | You fall through a shaft!
  9230 | Lair:3   | Found a hole to the Spider Nest.
  9317 | Lair:3   | Reached skill level 10 in Armour
  9409 | Lair:3   | Noticed a four-headed hydra
  9510 | Lair:4   | Reached XP level 12. HP: 37/111 MP: 6/6
  9716 | Lair:4   | Noticed a death yak
  9716 | Lair:4   | Noticed a death yak
  9717 | Lair:4   | Noticed a death yak
  9717 | Lair:4   | Noticed a death yak
  9743 | Lair:4   | Killed a death yak
  9744 | Lair:4   | Killed a death yak
  9756 | Lair:4   | Killed a death yak
  9769 | Lair:4   | Killed a death yak
 10074 | Lair:4   | Reached ****** piety under Makhleb
 10752 | Lair:5   | Found a staircase to the Shoals.
 10885 | Lair:5   | Noticed a five-headed hydra
 11060 | Lair:5   | Noticed a seven-headed hydra
 11336 | Lair:6   | Noticed Nessos
 11357 | Lair:6   | Killed Nessos
 11443 | Lair:6   | Noticed a four-headed hydra
 11558 | Lair:7   | Noticed a six-headed hydra
 11564 | Lair:8   | Entered Level 8 of the Lair of Beasts
 11825 | Lair:8   | Noticed Josephine
 11834 | Lair:8   | Noticed a four-headed hydra
 11845 | Lair:8   | Killed Josephine
 11852 | Lair:8   | Noticed a six-headed hydra
 11946 | Lair:8   | Reached XP level 13. HP: 57/121 MP: 4/4
 12140 | Lair:8   | Noticed a dire elephant
 12140 | Lair:8   | Noticed a dire elephant
 12151 | Lair:8   | Noticed a dire elephant
 12174 | Lair:8   | HP: 6/121 [dire elephant (19)]
 12174 | Lair:8   | Mangled by a dire elephant

Skill      XL: |  1  2  3  4  5  6  7  8  9 10 11 12 |
---------------+-------------------------------------+-----
Fighting       | 3 4 5 6 7 8 9 |  9.3
Shields        | 4 5 6 9 10 11 12 | 12.9
Armour         | 4 5 7 9 10 11 | 11.0
Dodging        | 1 2 3 4 5 6 7 |  7.5
Axes           | 3 5 6 7 9 10 12 | 12.3
Stealth        | 1 |  1.1
Evocations     | |  0.6

Action                   |  1- 3 |  4- 6 |  7- 9 | 10-12 | 13-15 || total
-------------------------+-------+-------+-------+-------+-------++-------
Melee: War axe           |   148 |    93 |   623 |   989 |    84 ||  1937
Invok: Greater Servant o |       |       |       |       |     1 ||     1
 Abil: Device Recharging |       |     2 |     2 |     5 |     3 ||    12
Evoke: Wand              |     1 |     6 |    12 |    33 |     9 ||    61
  Use: Scroll            |     2 |     3 |    10 |    17 |     2 ||    34
       Potion            |       |     5 |       |     1 |     1 ||     7
 Stab: Paralysed         |       |       |       |     2 |       ||     2
  Eat: Meat ration       |     1 |       |     1 |     3 |       ||     5
       Beef jerky        |       |     1 |       |       |       ||     1
       Royal jelly       |       |       |     1 |       |       ||     1
       Fruit             |       |       |     8 |     3 |       ||    11
       Pizza             |       |       |     1 |     1 |       ||     2
       Chunk             |       |       |       |     1 |       ||     1
Armor: Scale mail        |    71 |    31 |       |       |       ||   102
       Chain mail        |       |     8 |   257 |   396 |    29 ||   690
Dodge: Dodged            |    41 |    31 |   167 |   361 |    19 ||   619
Block: Shield            |    77 |    56 |   411 |   756 |    59 ||  1359
